 Dungeon Crawl Stone Soup version 0.26-a0-652-gafc20e3620 (webtiles) character file.

Game seed: 4440906969121057501

204128 Glokmah the Cardsharp (level 19, -2/131 HPs)
             Began as a Halfling Hunter on Oct 1, 2020.
             Was a High Priest of Nemelex Xobeh.
             Slain by an entropy weaver (7 damage)
             ... on level 2 of the Spider Nest on Oct 3, 2020.
             The game lasted 02:35:43 (37591 turns).

Glokmah the Cardsharp (Halfling Hunter)            Turns: 37591, Time: 02:35:44

Health: -2/131     AC: 11    Str: 14 (16) XL:     19   Next: 34%
Magic:  42/42      EV: 20    Int: 12 (14) God:    Nemelex Xobeh [*****.]
Gold:   3517       SH:  0    Dex: 20 (23) Spells: 14/26 levels left

rFire    + + .     SeeInvis .   a - +9 fustibalus (flame)
rCold    + + +     Faith    +   J - +5 kite shield {rC+ rF+}
rNeg     + . .     Spirit   .   O - +5 ring mail {rF+}
rPois    +         Reflect  .   W - +3 hat of Pondering {ponderous, MR+ MP+10 Int+5}
rElec    +         Harm     .   i - +2 cloak {rPois}
rCorr    .         Rampage  .   V - +1 pair of gloves of Dogmatism {Regen+ Str+7 Dex-3 Stlth+}
MR       ++...                  x - +2 pair of boots {Stlth+}
Stlth    +++.......             K - amulet "Puibaratt" {Faith rElec rC+++ Str-5 Dex+4}
HPRegen  0.71/turn              d - ring "Ysaten" {Wiz rC+ rN+ Slay+2}
MPRegen  0.28/turn              B - +4 ring of evasion

@: confused, corroded, slow
A: small, mutation resistance 1, screaming 1
}: 1/15 runes: decaying
a: Draw Escape, Draw Destruction, Draw Summoning, Triple Draw, Deal Four, Stack
Five, Renounce Religion


You were on level 2 of the Spider Nest.
You worshipped Nemelex Xobeh.
Nemelex Xobeh was extremely pleased with you.
You visited 6 branches of the dungeon, and saw 30 of its levels.
You also visited: Gauntlet and Ice Cave.

You collected 5343 gold pieces.
You spent 1826 gold pieces at shops.

Inventory:

Hand Weapons
 a - a +9 fustibalus of flaming (weapon)
 b - the +6 war axe of Supehiej {venom, rElec Int+5}
   (You found it on level 5 of the Lair of Beasts)

   It poisons the flesh of those it strikes.
   It affects your intelligence (+5).
   It insulates you from electricity.
 c - the +5 short sword of the Sixty-Six Brambles {vamp, Dex+2}
   (You found it on level 14 of the Dungeon)

   It inflicts no extra harm, but heals its wielder when it wounds a living foe.
   It affects your dexterity (+2).
 r - a +3 dagger of holy wrath
 M - a +0 antimagic whip
Missiles
 f - 103 poisoned darts
 h - 263 stones (quivered)
 v - 5 throwing nets
 y - 8 atropa-tipped darts
 F - 41 boomerangs
Armour
 i - a +2 cloak of poison resistance (worn)
 x - a +2 pair of boots of stealth (worn)
 J - a +5 kite shield of resistance (worn)
 O - a +5 ring mail of fire resistance (worn)
 V - the +1 pair of gloves of Dogmatism (worn) {Regen+ Str+7 Dex-3 Stlth+}
   (You found it on level 10 of the Dungeon)

   It affects your strength (+7).
   It affects your dexterity (-3).
   It increases your rate of regeneration.
   It makes you more stealthy.
 W - the +3 hat of Pondering (worn) {ponderous, MR+ MP+10 Int+5}
   (You took it off Gastronok on level 1 of the Lair of Beasts)

   It affects your intelligence (+5).
   It affects your resistance to hostile enchantments.
   It affects your magic capacity (+10).
Jewellery
 d - the ring "Ysaten" (left hand) {Wiz rC+ rN+ Slay+2}
   (You bought it in a shop on level 2 of the Orcish Mines)

   [ring of wizardry]

   It improves your spell success rate.
   It affects your accuracy and damage with ranged weapons and melee attacks
   (+2).
   It protects you from cold.
   It protects you from negative energy.
 B - a +4 ring of evasion (right hand)
 K - the amulet "Puibaratt" (around neck) {Faith rElec rC+++ Str-5 Dex+4}
   (You found it in a Gauntlet)

   [amulet of faith]

   It allows you to gain divine favour quickly.
   It affects your strength (-5).
   It affects your dexterity (+4).
   It renders you almost immune to cold.
   It insulates you from electricity.
Wands
 k - a wand of disintegration (24)
 A - a wand of acid (17)
 P - a wand of flame (74)
 Q - a wand of paralysis (7)
 R - a wand of polymorph (21)
 T - a wand of digging (7)
 Y - a wand of iceblast (15)
Scrolls
 j - 5 scrolls of magic mapping
 m - 11 scrolls of fog
 o - 9 scrolls of identify
 t - a scroll of summoning
 C - 4 scrolls of fear
 E - 2 scrolls of blinking
 I - 5 scrolls of teleportation
 N - 2 scrolls of holy word
 S - 5 scrolls of immolation
 X - 7 scrolls of remove curse
Potions
 e - 3 potions of magic
 g - 12 potions of curing
 l - 2 potions of might
 n - 3 potions of haste
 p - 8 potions of flight
 q - 2 potions of invisibility
 s - 6 potions of mutation
 u - 3 potions of cancellation
 z - 5 potions of lignification
 D - 5 potions of brilliance
 G - 3 potions of heal wounds
 L - 4 potions of berserk rage
 U - 10 potions of ambrosia
 Z - 4 potions of resistance
Miscellaneous
 w - a phantom mirror


   Skills:
 + Level 11.8 Fighting
 - Level 14.0 Slings
 + Level 6.0 Armour
 + Level 5.9 Dodging
 - Level 12.0 Stealth
 * Level 14.5 Shields
 - Level 4.0 Spellcasting
 - Level 4.0 Hexes
 * Level 12.5 Translocations
 - Level 7.1 Fire Magic
 * Level 18.1 Invocations


You had 14 spell levels left.
You knew the following spells:

 Your Spells              Type           Power        Failure   Level
a - Inner Flame           Hex/Fire       ###.....     10%         3
b - Dispersal             Tloc           ####......   26%         6
c - Portal Projectile     Hex/Tloc       ###...       3%          3

Your spell library contained the following spells:

 Spells                   Type           Power        Failure   Level
 Corona                   Hex            ##.....      6%          1
 Slow                     Hex            ##......     9%          2
 Corpse Rot               Necr/Air       N/A          41%         2
 Cause Fear               Hex            ##........   47%         4
 Summon Forest            Summ/Tloc      ###.......   52%         5
 Stone Arrow              Conj/Erth      #.....       63%         3
 Leda's Liquefaction      Hex/Erth       #.........   75%         4
 Animate Dead             Necr           #.........   95%         4
 Dispel Undead            Necr           #.......     95%         4
 Bolt of Magma            Conj/Fire/Erth #.........   95%         5
 Summon Mana Viper        Hex/Summ       #.......     97%         5
 Borgnjor's Vile Clutch   Necr/Erth      #.........   100%        5
 Iskenderun's Battlesphe  Conj           #.......     100%        5
 Summon Demon             Summ           #.........   100%        5
 Death Channel            Necr           #.........   100%        6
 Eringya's Noxious Bog    Tmut/Pois      #.........   100%        6
 Hydra Form               Tmut           #.........   100%        6
 Iron Shot                Conj/Erth      #.........   100%        6
 Shadow Creatures         Summ           N/A          100%        6
 Simulacrum               Ice/Necr       #.........   100%        6
 Orb of Destruction       Conj           #.........   100%        7
 Spellforged Servitor     Conj/Summ      #.........   100%        7
 Summon Hydra             Summ           #.........   100%        7
 Disjunction              Tloc           ####......   100%        8


Dungeon Overview and Level Annotations

Branches:
Dungeon (15/15)            Temple (1/1) D:4            Lair (6/6) D:10
  Swamp (4/4) Lair:2       Spider (2/4) Lair:4        Slime (0/5) Lair:5
    Orc (2/2) D:9             Elf (0/3) Orc:2        Vaults (0/5) D:13
 Depths (0/5) D:15          IceCv (visited)         Gauntlet (visited)

Altars:
Ashenzari
Cheibriados
Dithmenos
Elyvilon
Fedhas
Gozag
Hepliaklqana
Kikubaaqudgha
Makhleb
Nemelex Xobeh
Okawaru
Qazlal
Ru
Sif Muna
Trog
Uskayaw
Vehumet
Wu Jian
Xom
Yredelemnul
Zin
The Shining One

Shops:
D:8 *   D:9 [   D:11 =   D:12 *   D:14 *   D:15 [   Orc:2 =!!=*

Annotations:
D:6 1 runed translucent door, Crazy Yiuf


Innate Abilities, Weirdness & Mutations

You are small and have problems with some larger weapons.
You are somewhat resistant to further mutation.
You occasionally shout uncontrollably at your foes.


Message History

The entropy weaver completely misses you.
The entropy weaver hits you.
* * * LOW HITPOINT WARNING * * *
The tarantella bites you but does no damage.
You feel much better. The wolf spider hits you.
* * * LOW HITPOINT WARNING * * *
The wolf spider bites you!
* * * LOW HITPOINT WARNING * * *
The jumping spider leaps!
The redback closely misses you.
The redback bites you but does no damage.
Your basilisk gazes at the entropy weaver.
The redback is moving more slowly.
Your raiju bites the entropy weaver but does no damage.
The tarantella bites you!
* * * LOW HITPOINT WARNING * * *
The wolf spider hits you.
* * * LOW HITPOINT WARNING * * *
The wolf spider barely misses you. The entropy weaver hits you!
You die...
Your body glows with a rainbow of weird colours and disappears.

##.......####
##.........#.##
#.............##
#...............#
#..............#...#
..............°v##
##
..##.........°l...#
..
##........sssa(###
#...(.....s@.h..#
#.........s..####
##.......^.s## ##
#........#..##.#
^#...#..###....##
###...# ##.....#
##..###......## .
##.##........# ...
###..........#


You could see an entropy weaver, 2 wolf spiders, a jumping spider, a tarantella,
2 redbacks, a friendly raiju (summoned), a friendly basilisk (summoned) and a
friendly fire vortex (summoned).

Vanquished Creatures
  4 thorn hunters
  Gastronok (Lair:1)
  2 ghost moths (Spider:2)
  2 entropy weavers
  An emperor scorpion (Lair:4)
  2 vampire knights (Swamp:4)
  A spark wasp (Spider:2)
  A minotaur (Gauntlet)
  An ettin (D:13)
  Snorg (Orc:1)
  A blizzard demon (Gauntlet)
  A yaktaur captain (D:15)
  The ghost of sneaky the Blocker, a journeyman MiFi of Okawaru (Orc:2)
  Josephine (Spider:1)
  A vault guard (D:13)
  19 hydras
  An anaconda (Swamp:4)
  4 centaur warriors
  13 two-headed ogres
  6 shambling mangroves
  A ghost crab (Swamp:4)
  Erica (Lair:1)
  2 ogre magi (Orc:2)
  A satyr (Spider:2)
  12 alligators
  A queen ant (Lair:2)
  3 death yaks (D:10)
  2 tengu warriors (D:14)
  An orc high priest (Orc:1)
  5 skeletal warriors
  4 unseen horrors
  3 spriggan druids (Swamp:4)
  A deep troll (Orc:2)
  A flayed ghost (Swamp:4)
  3 spectral hydras (Swamp:4)
  7 swamp dragons
  A lindwurm (Lair:5)
  A wolf spider zombie (D:15)
  An orc knight (Orc:2)
  A necromancer (IceCv)
  A phantasmal warrior (Swamp:4)
  6 orb spiders
  10 deep elf magi
  3 manticores
  An orc sorcerer (D:15)
  3 ugly things
  3 oklob plants (Swamp:4)
  8 wolf spiders
  5 cyclopes
  A moth of wrath (Orc:2)
  6 elephants (Lair:6)
  A guardian serpent (Spider:2)
  6 black mambas
  4 centaur zombies
  Joseph (D:8)
  A rust devil (Gauntlet)
  A smoke demon (Gauntlet)
  26 cane toads
  3 ice statues (IceCv)
  6 gargoyles
  3 kobold demonologists
  6 komodo dragons
  An efreet (D:15)
  A freezing wraith (Swamp:4)
  5 yaktaurs (D:15)
  3 rime drakes
  4 ice devils (IceCv)
  2 death drake zombies (Swamp:4)
  4 demonic crawlers (Spider:2)
  4 meliai (Lair:6)
  A queen bee (Lair:6)
  6 polar bears
  5 hydra zombies (Swamp:4)
  14 trolls
  10 jumping spiders
  12 tyrant leeches
  25 hornets
  3 death drake skeletons (Swamp:4)
  Prince Ribbit (D:8)
  A hydra skeleton (Swamp:4)
  3 bog bodies
  24 blink frogs
  A dream sheep (shapeshifter) (D:13)
  8 hippogriffs
  8 dream sheep
  12 slime creatures
  22 spriggans
  27 redbacks
  7 shadows
  4 wraiths
  Sigmund (D:3)
  A vampire (D:9)
  2 water elementals (D:15)
  A wyvern (D:13)
  52 yaks
  A ynoxinul (Gauntlet)
  3 fire bats (Lair:2)
  8 tarantellas
  4 humans (D:13)
  A neqoxec (Gauntlet)
  3 basilisks
  3 chaos spawn (Gauntlet)
  23 vampire mosquitoes
  2 acid dragons
  12 swamp worms
  11 wargs
  16 insubstantial wisps
  11 soldier ants
  3 hydra simulacra (Swamp:4)
  A floating eye (Swamp:4)
  7 water moccasins
  4 porcupines
  5 swamp drakes
  25 orc warriors
  3 black bears
  17 wolves
  2 eyes of draining
  3 ice beasts
  A necrophage (D:11)
  3 phantoms
  3 sky beasts
  2 tengu
  34 ogres
  8 boggarts
  13 centaurs
  11 crocodiles
  6 big kobolds
  25 bullfrogs
  A gnoll sergeant (D:7)
  8 scorpions
  A wyvern skeleton (D:10)
  12 killer bees (Lair:6)
  An electric eel (D:7)
  14 wights
  A lava snake (Orc:2)
  5 draconian simulacra (IceCv)
  A quasit (D:13)
  2 bullfrog zombies
  5 hounds
  7 jellies
  4 gnoll shamans (D:11)
  5 bullfrog skeletons
  19 orc priests
  4 centaur skeletons
  4 iron imps (Gauntlet)
  18 orc wizards
  Jessica (D:3)
  5 iguanas
  30 worker ants
  A spriggan simulacrum (IceCv)
  3 centaur simulacra (IceCv)
  A hound zombie (D:6)
  4 worker ant zombies
  18 gnolls
  14 adders
  A naga simulacrum (IceCv)
  A river rat (D:5)
  2 white imps
  3 ufetubi
  An ooze (D:4)
  3 worms
  The ghost of Jannitor the Sneak, a weakling DDDe (D:5)
  2 dart slugs
  4 leopard geckos
  69 orcs
  3 giant cockroaches
  2 gnoll zombies (D:6)
  5 goblins
  5 hobgoblins
  11 jackals
  4 quokkas
  A ball python (D:5)
  4 bats
  2 frilled lizards (D:1)
  23 kobolds
  A quokka zombie (D:5)
  7 rats
  A fire vortex (Orc:2)
1115 creatures vanquished.

Vanquished Creatures (collateral kills)
  A thorn hunter (Swamp:2)
  An orc warlord (Orc:1)
  An ettin (Spider:2)
  A hydra (Swamp:2)
  A death yak (D:10)
  A deep troll (Orc:2)
  A spriggan druid (Swamp:4)
  An unseen horror (D:14)
  An orc knight (D:14)
  A swamp dragon (Swamp:4)
  A wolf spider (Lair:4)
  An elephant (Lair:6)
  A gargoyle (D:14)
  2 cane toads (Spider:2)
  3 hornets
  A tyrant leech (Swamp:2)
  A bog body (Swamp:2)
  A spriggan (Swamp:2)
  A yak (Lair:2)
  An insubstantial wisp (Swamp:4)
  A phantom (D:4)
  A swamp drake (Swamp:2)
  A bullfrog (D:14)
  2 orc wizards (Orc:2)
  An adder (D:3)
  A worm (D:3)
  9 orcs
  A bat (D:3)
40 creatures vanquished.

Vanquished Creatures (others)
  A human (D:13)
  A worker ant (Lair:2)
  2 bushes (Lair:6)
  A demonic plant (Gauntlet)
  67 fungi
  102 plants
174 creatures vanquished.

Grand Total: 1329 creatures vanquished

Notes
Turn   | Place    | Note
-------+----------+-------------------------------------------
     0 | D:1      | Glokmah the Halfling Hunter began the quest for the Orb.
     0 | D:1      | Reached XP level 1. HP: 14/14 MP: 1/1
   171 | D:1      | Reached XP level 2. HP: 18/19 MP: 2/2
   666 | D:1      | Found a sparkling altar of Nemelex Xobeh.
   670 | D:1      | Became a worshipper of Nemelex Xobeh the Trickster
  1263 | D:2      | Reached XP level 3. HP: 24/24 MP: 3/3
  1752 | D:2      | Reached skill level 1 in Invocations
  1830 | D:2      | Reached * piety under Nemelex Xobeh
  2128 | D:3      | Noticed Sigmund
  2130 | D:3      | Noticed Jessica
  2307 | D:3      | Reached skill level 1 in Shields
  2575 | D:3      | Reached XP level 4. HP: 28/29 MP: 4/4
  2833 | D:3      | Killed Jessica
  2833 | D:3      | Reached XP level 5. HP: 34/34 MP: 6/6
  2906 | D:3      | Received a gift from Nemelex Xobeh
  2983 | D:3      | Noticed an ice devil
  3137 | D:3      | Killed Sigmund
  3137 | D:3      | Reached skill level 2 in Invocations
  3137 | D:3      | Reached XP level 6. HP: 24/41 MP: 6/8
  3501 | D:3      | Found an iron altar of Okawaru.
  3501 | D:3      | Found a faded altar of an unknown god.
  3507 | D:3      | Found a stormy altar of Qazlal.
  3509 | D:3      | Found a white marble altar of Elyvilon.
  3510 | D:3      | Found a faded altar of an unknown god.
  3689 | D:4      | Found a broken altar of Ashenzari.
  3715 | D:4      | Found a shadowy altar of Dithmenos.
  3715 | D:4      | Found a hide-covered altar of Uskayaw.
  3717 | D:4      | Found an ancient bone altar of Kikubaaqudgha.
  4336 | D:4      | Noticed a phantom
  4341 | D:4      | Reached ** piety under Nemelex Xobeh
  4362 | D:4      | Killed a phantom
  4362 | D:4      | Reached skill level 3 in Invocations
  4362 | D:4      | Reached XP level 7. HP: 42/45 MP: 9/9
  4625 | D:4      | Found a staircase to the Ecumenical Temple.
  4744 | Temple   | Entered the Ecumenical Temple
  5113 | D:5      | Entered Level 5 of the Dungeon
  5113 | D:5      | Found a radiant altar of Vehumet.
  5462 | D:5      | Received a gift from Nemelex Xobeh
  5486 | D:5      | Reached skill level 4 in Invocations
  5486 | D:5      | Reached XP level 8. HP: 16/52 MP: 9/11
  5516 | D:4      | HP: 2/52 [poisoned by a scorpion]
  6051 | D:5      | Found an iron altar of Okawaru.
  6058 | D:5      | Found a transporter.
  6059 | D:5      | Noticed Jannitor's ghost (weakling DDDe)
  6063 | D:5      | Found a transporter.
  6101 | D:5      | Killed Jannitor's ghost
  6358 | D:5      | Received a gift from Nemelex Xobeh
  6849 | D:6      | Reached skill level 5 in Invocations
  7025 | D:6      | Reached skill level 1 in Armour
  7332 | D:6      | Reached *** piety under Nemelex Xobeh
  7442 | D:6      | Reached XP level 9. HP: 42/58 MP: 13/13
  7783 | D:6      | Found a basalt altar of Yredelemnul.
  7838 | D:6      | Found a runed translucent door.
  7839 | D:6      | Noticed Crazy Yiuf
  8128 | D:7      | Reached skill level 10 in Slings
  8404 | D:7      | Reached skill level 6 in Invocations
  8441 | D:7      | Reached skill level 5 in Stealth
  8469 | D:7      | Got a fading quarterstaff
  9184 | D:8      | Identified the +9 quarterstaff "Qaeqiamu" {vorpal, +Blink
                  | +Fly rPois Str+4} (You found it on level 7 of the Dungeon)
  9217 | D:8      | Found a shimmering altar of Xom.
  9257 | D:8      | Noticed Maggie
  9262 | D:8      | Noticed Maggie
  9262 | D:8      | Maggie changed into Maggie the black bear
  9269 | D:8      | Reached skill level 7 in Invocations
  9278 | D:8      | Killed Maggie the black bear
  9470 | D:8      | Identified a scroll of acquirement
  9470 | D:8      | Acquired a +2 fustibalus of flaming
  9501 | D:8      | Noticed Joseph
  9549 | D:8      | Received a gift from Nemelex Xobeh
  9627 | D:8      | Noticed Prince Ribbit
  9634 | D:8      | Killed Prince Ribbit
  9634 | D:8      | Reached XP level 10. HP: 65/65 MP: 15/15
  9860 | D:8      | Reached skill level 5 in Fighting
 10081 | D:8      | Found Vufrekom's Serpentskin Sales.
 10091 | D:8      | Bought a +1 cloak of poison resistance for 162 gold pieces
 10144 | D:8      | Killed Joseph
 10144 | D:8      | Reached skill level 8 in Invocations
 10200 | D:9      | Found Inyuth's Antique Armour Shop.
 10208 | D:9      | Reached **** piety under Nemelex Xobeh
 10383 | D:9      | Received a gift from Nemelex Xobeh
 10418 | D:9      | Found a staircase to the Orcish Mines.
 10849 | D:10     | Entered Level 10 of the Dungeon
 10853 | D:10     | Got a pair of scorched gloves
 10873 | D:10     | Identified the +1 pair of gloves of Dogmatism {Regen+ Str+7
                  | Dex-3 Stlth+} (You found it on level 10 of the Dungeon)
 10893 | D:10     | Received a gift from Nemelex Xobeh
 10961 | D:10     | Reached skill level 9 in Invocations
 11084 | D:10     | Noticed a two-headed ogre
 11090 | D:10     | Killed a two-headed ogre
 11090 | D:10     | Reached XP level 11. HP: 62/72 MP: 17/17
 11226 | D:10     | Noticed a death yak
 11229 | D:10     | Killed a death yak
 11229 | D:10     | Reached skill level 5 in Shields
 11232 | D:10     | Found a staircase to the Lair.
 11232 | D:10     | Noticed a death yak
 11235 | D:10     | Killed an unseen horror
 11235 | D:10     | Reached skill level 10 in Invocations
 11235 | D:10     | Killed a death yak
 11235 | D:10     | Noticed a death yak
 11236 | D:10     | Noticed a death yak
 11242 | D:10     | Killed a death yak
 11242 | D:10     | Reached skill level 5 in Armour
 11248 | D:10     | Killed a death yak
 11248 | D:10     | Reached skill level 5 in Dodging
 11360 | D:10     | Noticed a purple ugly thing
 11364 | D:10     | Killed a purple ugly thing
 11468 | D:10     | Learned a level 3 spell: Inner Flame
 11610 | D:11     | Found Lolit's Jewellery Shop.
 11617 | D:11     | Noticed a manticore
 11731 | Lair:1   | Entered Level 1 of the Lair of Beasts
 11758 | Lair:1   | Received a gift from Nemelex Xobeh
 11780 | Lair:1   | Noticed Gastronok
 11799 | Lair:1   | Killed Gastronok
 11799 | Lair:1   | Reached skill level 1 in Hexes
 11799 | Lair:1   | Reached XP level 12. HP: 44/80 MP: 18/20
 11927 | Lair:1   | Reached skill level 1 in Spellcasting
 11948 | Lair:1   | Found a transporter.
 11950 | Lair:1   | Noticed a swamp dragon
 12006 | Lair:1   | Reached ***** piety under Nemelex Xobeh
 12035 | Lair:1   | Found a transporter.
 12075 | Lair:1   | Noticed Erica
 12079 | Lair:1   | Killed Erica
 12079 | Lair:1   | Reached skill level 11 in Invocations
 12165 | Lair:1   | Received a gift from Nemelex Xobeh
 12727 | Lair:1   | Killed a swamp dragon
 12926 | Lair:2   | Noticed a four-headed hydra
 12943 | Lair:2   | Killed a four-headed hydra
 13052 | Lair:2   | Received a gift from Nemelex Xobeh
 13249 | Lair:2   | Found a frozen archway.
 13260 | IceCv    | Entered an ice cave
 13267 | IceCv    | Received a gift from Nemelex Xobeh
 13283 | IceCv    | Reached XP level 13. HP: 86/86 MP: 21/21
 13690 | IceCv    | Reached skill level 12 in Invocations
 14120 | Lair:2   | Found a staircase to the Swamp.
 14958 | Lair:2   | Noticed a shambling mangrove
 14958 | Lair:2   | an oklob plant changed into a shambling mangrove
 14963 | Lair:2   | Killed a shambling mangrove
 14963 | Lair:2   | Reached skill level 5 in Fire Magic
 15091 | Lair:3   | Noticed a five-headed hydra
 15106 | Lair:3   | Killed a five-headed hydra
 15134 | Lair:3   | Received a gift from Nemelex Xobeh
 15262 | Lair:3   | Reached skill level 10 in Stealth
 15281 | Lair:3   | Received a gift from Nemelex Xobeh
 15926 | Lair:4   | Found a hole to the Spider Nest.
 15959 | Lair:4   | Received a gift from Nemelex Xobeh
 16463 | Lair:5   | Reached skill level 13 in Invocations
 16483 | Lair:5   | Reached XP level 14. HP: 95/95 MP: 23/23
 16566 | Lair:5   | Identified the +6 war axe of Supehiej {venom, rElec Int+5}
                  | (You found it on level 5 of the Lair of Beasts)
 16586 | Lair:5   | You fall into a shaft and drop 1 floor!
 16586 | Lair:6   | Entered Level 6 of the Lair of Beasts
 16606 | Lair:6   | Found a gate leading to a gauntlet.
 16610 | Gauntlet | Entered a Gauntlet
 16610 | Gauntlet | Found a transporter.
 16617 | Gauntlet | Found a transporter.
 16619 | Gauntlet | Found a transporter.
 16628 | Gauntlet | Found a transporter.
 16630 | Gauntlet | Found a transporter.
 16639 | Gauntlet | Found a transporter.
 16639 | Gauntlet | Noticed a dire elephant
 16657 | Gauntlet | Found a transporter.
 16660 | Gauntlet | Received a gift from Nemelex Xobeh
 16667 | Gauntlet | Found a transporter.
 16677 | Gauntlet | Found a transporter.
 16691 | Gauntlet | Found a transporter.
 16706 | Gauntlet | Found a transporter.
 16753 | Gauntlet | Found a transporter.
 16767 | Gauntlet | Found a transporter.
 16777 | Gauntlet | Found a transporter.
 16966 | Gauntlet | Gained mutation: You occasionally shout uncontrollably at
                  | your foes. [a neqoxec]
 17003 | Gauntlet | Identified the Papyrus of Displacement and Black Magic
 17100 | Gauntlet | Got a sparkling silver ring
 17107 | Gauntlet | Identified the ring "Joadoik" {rPois Int+2} (You found it
                  | in a Gauntlet)
 17323 | Gauntlet | Got a clouded lead amulet
 17329 | Gauntlet | Identified the amulet "Puibaratt" {Faith rElec rC+++ Str-5
                  | Dex+4} (You found it in a Gauntlet)
 17372 | Gauntlet | Identified the ring of Ibbanuc {rElec Stlth-}
 17372 | Gauntlet | Noticed a minotaur
 17375 | Gauntlet | Killed a minotaur
 17396 | Gauntlet | Got a polished leather armour
 17584 | Lair:5   | Identified the +2 leather armour of Mibecwal {MR+} (You
                  | found it in a Gauntlet)
 17740 | Lair:5   | Received a gift from Nemelex Xobeh
 18041 | Lair:5   | Found a staircase to the Slime Pits.
 18392 | Lair:6   | Received a gift from Nemelex Xobeh
 18495 | Lair:6   | Reached skill level 14 in Invocations
 18813 | Lair:6   | Reached XP level 15. HP: 91/101 MP: 25/25
 18821 | Lair:6   | Learned a level 6 spell: Dispersal
 18853 | Lair:6   | Reached skill level 1 in Translocations
 19481 | Lair:6   | Received a gift from Nemelex Xobeh
 20342 | Orc:1    | Entered Level 1 of the Orcish Mines
 20399 | Orc:1    | Reached skill level 10 in Shields
 20618 | Orc:1    | You fall into a shaft and drop 1 floor!
 20618 | Orc:2    | Entered Level 2 of the Orcish Mines
 20686 | Orc:2    | Noticed an orc warlord
 20732 | Orc:1    | Killed an orc warlord
 21159 | Orc:2    | Reached skill level 5 in Translocations
 21159 | Orc:2    | Reached skill level 15 in Invocations
 21564 | Orc:2    | Found a transporter.
 21567 | Orc:2    | Noticed sneaky's ghost (journeyman MiFi)
 21568 | Orc:2    | Found Noleiq's Distillery.
 21574 | Orc:2    | Found Axzezug's Jewellery Shoppe.
 21581 | Orc:2    | Found Fenytiqo's Distillery.
 21625 | Orc:2    | Found Cavegh's Jewellery Emporium.
 21647 | Orc:2    | Found Yroxotes's General Store.
 21767 | Orc:1    | Noticed Snorg
 21776 | Orc:1    | Killed Snorg
 22114 | Orc:2    | Received a gift from Nemelex Xobeh
 22125 | Orc:2    | Found a staircase to the Elven Halls.
 22344 | Orc:2    | Received a gift from Nemelex Xobeh
 22430 | Orc:2    | Found a transporter.
 22647 | Orc:2    | Received a gift from Nemelex Xobeh
 22767 | Orc:2    | Reached skill level 10 in Fighting
 22767 | Orc:2    | Reached XP level 16. HP: 109/109 MP: 27/27
 22779 | Orc:2    | Killed sneaky's ghost
 22831 | Orc:2    | Got a steaming steel amulet
 22840 | Orc:2    | Identified the amulet "Roec" {rElec Regen+} (You found it
                  | on level 2 of the Orcish Mines)
 22914 | Orc:2    | Bought a scroll of acquirement for 624 gold pieces
 22914 | Orc:2    | Acquired 1012 gold pieces
 22925 | Orc:2    | Bought the ring "Ysaten" {Wiz rC+ rN+ Slay+2} for 905 gold
                  | pieces
 23723 | D:11     | Learned a level 3 spell: Portal Projectile
 23912 | D:11     | Received a gift from Nemelex Xobeh
 24620 | D:12     | Found Fumox's General Store.
 24672 | D:12     | Bought a scroll of enchant weapon for 135 gold pieces
 24674 | D:12     | Acquired 661 gold pieces
 25114 | D:12     | Received a gift from Nemelex Xobeh
 25574 | D:13     | Received a gift from Nemelex Xobeh
 25598 | D:13     | Found a sacrificial altar of Ru.
 25909 | D:13     | Reached skill level 16 in Invocations
 25996 | D:13     | Found a gate to the Vaults.
 26632 | D:14     | Found Uwitsed's Assorted Antiques.
 26697 | D:14     | Received a gift from Nemelex Xobeh
 26706 | D:14     | Identified the +5 short sword of the Sixty-Six Brambles
                  | {vamp, Dex+2} (You found it on level 14 of the Dungeon)
 27114 | D:15     | Entered Level 15 of the Dungeon
 27164 | D:15     | Reached XP level 17. HP: 116/116 MP: 29/29
 27445 | D:15     | Received a gift from Nemelex Xobeh
 27627 | D:15     | Found a staircase to the Depths.
 27999 | D:15     | Acquired 934 gold pieces
 28146 | D:15     | Found Uwiushrygh's Armour Shoppe.
 28185 | D:15     | Received a gift from Nemelex Xobeh
 28699 | Swamp:1  | Entered Level 1 of the Swamp
 29030 | Swamp:1  | Noticed a thorn hunter
 29030 | Swamp:1  | a shambling mangrove changed into a thorn hunter
 29032 | Swamp:1  | Banished a thorn hunter
 29229 | Swamp:1  | Reached skill level 10 in Translocations
 29937 | Swamp:2  | Noticed a thorn hunter
 29948 | Swamp:2  | Killed a thorn hunter
 30166 | Swamp:2  | Received a gift from Nemelex Xobeh
 30536 | Swamp:2  | Reached skill level 17 in Invocations
 30561 | Swamp:2  | Noticed a thorn hunter
 30575 | Swamp:2  | Killed a thorn hunter
 30677 | Swamp:2  | Received a gift from Nemelex Xobeh
 31589 | Swamp:3  | Reached ****** piety under Nemelex Xobeh
 31667 | Swamp:3  | Reached XP level 18. HP: 124/124 MP: 30/30
 31683 | Swamp:3  | Received a gift from Nemelex Xobeh
 32559 | Swamp:4  | Entered Level 4 of the Swamp
 33434 | Swamp:4  | Received a gift from Nemelex Xobeh
 34541 | Swamp:4  | Found a blossoming altar of Fedhas.
 34677 | Swamp:4  | Got a decaying rune of Zot
 34697 | Swamp:4  | Found a basalt altar of Yredelemnul.
 35204 | Spider:1 | Entered Level 1 of the Spider Nest
 35922 | Lair:4   | Reached XP level 19. HP: 121/130 MP: 31/31
 35965 | Spider:1 | Noticed Josephine
 35974 | Spider:1 | Killed Josephine
 35999 | Spider:1 | Received a gift from Nemelex Xobeh
 36513 | Spider:2 | Reached skill level 18 in Invocations
 36785 | Spider:2 | HP: 3/130 [ettin (16)]
 36789 | Spider:2 | Received a gift from Nemelex Xobeh
 37590 | Spider:2 | HP: 6/131 [entropy weaver (4)]
 37591 | Spider:2 | Slain by an entropy weaver

Illustrated notes

Levels and vault maps discovered:
D:1:      dpeg_arrival_tiny_k, layout_basic, nemelex_diamond_rough_becter
D:2:      layout_basic
D:3:      layout_loops_ring, chequers_temple_overflow_minitemple, uniq_jessica,
          uniq_sigmund
D:4:      layout_loops_ring, evilmike_ruin_ashenzari,
          grunt_temple_overflow_open, minmay_temple_entry_enclosed_plants
D:5:      minmay_angry_zag, layout_cave_pools, fiery_altar_vehumet, basic_altar,
          gammafunk_ghost_arena, grunt_ministairs_8
D:6:      layout_loops_ring, lemuel_zombie_altar_yredelemnul,
          uniq_crazy_yiuf_cottage
D:7:      layout_basic, lightli_minifort
D:8:      layout_loops_cross, xom_teletrap_fun, guppyfry_shop_venom,
          uniq_prince_ribbit1, uniq_joseph, uniq_maggie
D:9:      layout_stronghold, orc_0_dummy, serial_shops, nicolae_shop_trees,
          serial_bayou_pond_b, dk_noncrumbling_3
D:10:     layout_loops_ring, dpeg_lair_monsters, grunt_ministairs_9
D:11:     kennysheep_seaside_town, layout_basic, serial_shops, shop,
          elves_outpost_lemuel
D:12:     layout_irregular_city, serial_shops, shop, grunt_ogre_cave
D:13:     layout_rooms, ximxim_vaults_locker_room,
          nicolae_ru_sacrificial_ziggurat
D:14:     layout_gridville, serial_shops, shop
D:15:     grunt_enter_depths_snipers, layout_long_grid, serial_shops,
          shop_fountains, serial_bayou_ford_a, minmay_fractal_squares_diagonal_5
Temple:   minmay_temple_forest_path
Lair:1:   gammafunk_cloud_chamber, layout_chaotic_city, serial_bayou_shore_b,
          uniq_gastronok, uniq_erica
Lair:2:   layout_gridlike, skrybe_swamp_entry_bodies,
          portal_ice_cave_entry_pillars_2, zaba_antful_of_joy
Lair:3:   layout_chaotic_city, grunt_forest_small_clearings
Lair:4:   wad_woods_04, layout_big_grid, spider_nest_entry_rubble
Lair:5:   layout_regular_city, minmay_slime_entry_pillars,
          nicolae_volcano_entry_vermiform, infiniplex_staircase_pool
Lair:6:   minmay_lair_end_enchanted_forest, layout_loops_ring,
          gauntlet_entry_generic, special_room [special_room_bee],
          grunt_megastairs_3
Swamp:1:  layout_basic_swamp, evilmike_swamp_ruin_house_3
Swamp:2:  layout_basic_swamp, evilmike_swamp_ruin_house_2
Swamp:3:  layout_basic_swamp, evilmike_swamp_ruin_house_1,
          cheibrodos_swamp_kobolds
Swamp:4:  byrel_swamp_growth_death_and_undeath, layout_basic_swamp
Spider:1: layout_spider_delve, uniq_josephine
Spider:2: layout_chambers, nicolae_spider_webbed_stairs
Orc:1:    layout_diamond_mine, uniq_snorg
Orc:2:    st_orc_open, layout_caves, gammafunk_ghost_berserking_beasts,
          serial_shops, shop, nicolae_orc_lava_tube

Skill      XL: |  1  2  3  4  5  6  7  8  9 10 11 12 13 14 15 16 17 18 19 |
---------------+----------------------------------------------------------+-----
Slings         | 6 7 8 9 11 12 13 14 | 14.0
Fighting       | 2 3 4 5 6 7 8 9 10 11 | 11.8
Invocations    | 1 2 3 4 5 7 9 10 11 13 14 15 16 17 18 | 18.1
Shields        | 1 2 3 4 6 7 8 9 10 11 13 14 | 14.5
Stealth        | 2 3 4 5 6 8 9 10 11 12 | 12.0
Armour         | 1 3 5 6 |  6.0
Dodging        | 3 5 |  5.9
Hexes          | 1 2 3 4 |  4.0
Fire Magic     | 2 4 5 7 |  7.1
Spellcasting   | 2 3 4 |  4.0
Translocations | 6 8 10 12 | 12.5

Action                   |  1- 3 |  4- 6 |  7- 9 | 10-12 | 13-15 | 16-18 | 19-21 || total
-------------------------+-------+-------+-------+-------+-------+-------+-------++-------
Melee: Short sword       |    25 |       |       |       |       |   119 |    27 ||   171
       Dagger            |    99 |   136 |    84 |    18 |    54 |    69 |       ||   460
       Club              |       |       |   354 |    86 |    21 |       |       ||   461
       War axe           |       |       |       |       |    82 |    74 |       ||   156
       Fustibalus        |       |       |       |       |       |     3 |     1 ||     4
 Fire: Hunting sling     |    11 |    18 |    39 |       |       |       |       ||    68
       Fustibalus        |       |       |     7 |   305 |  1146 |  1560 |   188 ||  3206
Throw: Dart              |       |       |       |     2 |     3 |       |       ||     5
 Cast: Inner Flame       |       |       |       |       |    30 |    24 |     6 ||    60
Invok: Draw Destruction  |       |     3 |     5 |    22 |    18 |    49 |     5 ||   102
       Draw Summoning    |       |     3 |       |     2 |     6 |    13 |     1 ||    25
       Draw Escape       |       |       |     2 |     3 |     2 |     1 |       ||     8
       Deal Four         |       |       |       |     1 |     1 |     2 |     1 ||     5
       Triple Draw       |       |       |       |       |     9 |    10 |     1 ||    20
  Use: Scroll            |       |    10 |    13 |     9 |    19 |    17 |     1 ||    69
       Potion            |       |       |       |       |     1 |       |     3 ||     4
 Stab: Sleeping          |     6 |     3 |     1 |     4 |    13 |    21 |     2 ||    50
       Distracted        |       |       |       |     1 |       |     1 |       ||     2
Armor: Leather armour    |    15 |    15 |     3 |       |       |       |       ||    33
       Ice dragon scales |       |       |   176 |     7 |       |       |       ||   183
       Ring mail         |       |       |       |    56 |   210 |   357 |   133 ||   756
Dodge: Dodged            |    68 |    76 |   266 |   246 |   759 |   792 |   166 ||  2373
Block: Buckler           |    23 |    41 |   270 |   148 |   598 |    19 |       ||  1099
       Kite shield       |       |       |       |       |       |  1136 |   196 ||  1332

Table legend: (Time is in decaauts)
 A = Elapsed time spent in this place.
 B = Non-inter-level travel time spent in this place.
 C = Inter-level travel time spent in this place.
 D = Time resting spent in this place.
 E = Time spent auto-exploring this place.
 F = Levels seen in this place.
 G = Mean time per level.
                   A        B        C        D        E       F      G
               +--------+--------+--------+--------+--------+-----+--------+
         Total |  39143 |  36031 |   3112 |   6364 |  17471 |  32 | 1223.2 |
       Dungeon |  17505 |  16039 |   1466 |   2528 |   7932 |  15 | 1167.0 |
        Temple |    341 |    307 |     34 |      0 |    306 |   1 |  341.0 |
          Lair |   8191 |   7416 |    775 |    797 |   4270 |   6 | 1365.2 |
         Swamp |   6997 |   6585 |    412 |   1506 |   3370 |   4 | 1749.2 |
   Spider Nest |   1693 |   1500 |    193 |    558 |    269 |   2 |  846.5 |
  Orcish Mines |   2853 |   2624 |    229 |    665 |    906 |   2 | 1426.5 |
      Ice Cave |    736 |    736 |      0 |    100 |    233 |   1 |  736.0 |
      Gauntlet |    824 |    824 |      0 |    209 |    182 |   1 |  824.0 |
               +--------+--------+--------+--------+--------+-----+--------+

Top non-repeatable levels by time:
 Swamp:4: 2125 daAuts
 Swamp:3: 1918 daAuts
  Lair:6: 1858 daAuts
     D:4: 1686 daAuts
  Lair:2: 1617 daAuts
 Swamp:2: 1589 daAuts
   Orc:1: 1523 daAuts
  Lair:4: 1444 daAuts
     D:3: 1383 daAuts
 Swamp:1: 1363 daAuts
    D:11: 1351 daAuts
   Orc:2: 1329 daAuts
  Lair:1: 1265 daAuts
     D:6: 1251 daAuts
     D:8: 1247 daAuts
